 Dungeon Crawl Stone Soup version 0.28.0-45-g0d030f2227 (webtiles) character file.

Game seed: 7759002954375390462

225199 Mitsuki the Pyromancer (level 18, 0/92 HPs)
             Began as a Deep Elf Conjurer on Mar 21, 2022.
             Was the Champion of Vehumet.
             Killed from afar by an acid blob (11 damage)
             ... with a splash of acid
             ... on level 1 of the Pits of Slime on Apr 1, 2022.
             The game lasted 03:57:25 (43602 turns).

Mitsuki the Pyromancer (Deep Elf Conjurer)         Turns: 43602, Time: 03:57:26

Health: 0/92       AC:  2    Str:  4    XL:     18   Next: 99%
Magic:  46/54      EV: 11    Int: 44    God:    Vehumet [******]
Gold:   4769       SH:  8    Dex:  8    Spells: 10/59 levels left

rFire   + + +      SeeInvis .   Y - staff of conjuration
rCold   + + .      Faith    .   j - +1 buckler {rC+}
rNeg    + + +      Spirit   .   J - +2 robe "Kewol" {rN++ MP+9}
rPois   +          Reflect  +   l - +0 helmet of Insecurity {rPois rN+ Int+6}
rElec   +          Harm     .   e - scarf {repulsion}
rCorr   +          Rampage  .   i - +2 pair of gloves
Will    +....                   D - +1 pair of boots {Fly}
Stlth   ++........              a - amulet of reflection
HPRegen 0.25/turn               k - ring of Ruabium {Wiz rElec rF+ Dex-2}
MPRegen 0.34/turn               W - ring "Zon Buir" {rF++ rC+ rCorr Int+6 Dex-3}

@: corroded, flying, repel missiles
A: no striking features
a: Renounce Religion


You were on level 1 of the Pits of Slime.
You worshipped Vehumet.
Vehumet was exalted by your worship.
You visited 7 branches of the dungeon, and saw 29 of its levels.
You visited the Abyss 2 times.
You also visited: Bailey and Gauntlet.

You collected 4769 gold pieces.

Inventory:

Missiles
 u - 3 throwing nets
 P - a curare-tipped dart
Armour
 e - a scarf of repulsion (worn)
 h - the +4 robe of Folly {Brilliance Will-∞ Int+8}
   (You took it off a yaktaur on level 12 of the Dungeon)

   It increases the power of your magical spells.
   It halves the magic cost of your spells (rounding up).
   It reduces your willpower to zero.
   Int:       It affects your intelligence (+8).
 i - a +2 pair of gloves (worn)
 j - a +1 buckler of cold resistance (worn)
 l - the +0 helmet of Insecurity (worn) {rPois rN+ Int+6}
   (You found it in a Gauntlet)

   Int:       It affects your intelligence (+6).
   rPois:     It protects you from poison.
   rN:        It protects you from negative energy.
 D - a +1 pair of boots of flying (worn)
 J - the +2 robe "Kewol" (worn) {rN++ MP+9}
   (You found it on level 6 of the Lair of Beasts)

   rN:        It greatly protects you from negative energy.
   MP:        It affects your magic capacity (+9).
Magical Staves
 g - a staff of fire
 Y - a staff of conjuration (weapon)
Jewellery
 a - an amulet of reflection (around neck)
 k - the ring of Ruabium (left hand) {Wiz rElec rF+ Dex-2}
   (You acquired it on level 5 of the Lair of Beasts)

   [ring of wizardry]

   It improves your spell success rate.
   Dex:       It affects your dexterity (-2).
   rF:        It protects you from fire.
   rElec:     It insulates you from electricity.
 W - the ring "Zon Buir" (right hand) {rF++ rC+ rCorr Int+6 Dex-3}
   (You found it in a Gauntlet)

   [ring of intelligence]

   Int:       It affects your intelligence (+6).
   Dex:       It affects your dexterity (-3).
   rF:        It greatly protects you from fire.
   rC:        It protects you from cold.
   rCorr:     It protects you from acid and corrosion.
Wands
 v - a wand of mindburst (2)
 A - a wand of acid (4)
 G - a wand of iceblast (5)
 O - a wand of digging (2)
Scrolls
 b - a scroll of fog
 d - 13 scrolls of teleportation
 f - 2 scrolls of blinking
 m - 7 scrolls of immolation
 n - 3 scrolls of identify
 p - a scroll of amnesia
 q - 3 scrolls of holy word
 s - a scroll of silence
 M - 7 scrolls of fear
Potions
 c - 3 potions of brilliance
 o - 5 potions of heal wounds
 t - 2 potions of magic
 x - 2 potions of invisibility
 z - 4 potions of haste
 B - 4 potions of cancellation
 E - 9 potions of curing


   Skills:
 + Level 3.1 Fighting
 - Level 2.4 Dodging
 - Level 2.4 Stealth
 - Level 21.0 Spellcasting
 + Level 17.7 Conjurations
 - Level 6.0 Translocations
 * Level 25.8 Fire Magic


You had 10 spell levels left.
You knew the following spells:

 Your Spells              Type           Power      Damage    Failure   Level
a - Magic Dart            Conj           100%       1d8       0%          1
b - Ignition              Fire           67%        3d18      1%          8
c - Blink                 Tloc           100%       N/A       1%          2
d - Iskenderun's Mystic   Conj/Tloc      100%       2d19      1%          4
e - Apportation           Tloc           100%       N/A       1%          1
f - Yara's Violent Unrav  Hex/Tmut       23%        3d10      1%          5
g - Hailstorm             Conj/Ice       100%       3d20      1%          4
h - Irradiate             Conj/Tmut      56%        3d32      1%          5
i - Iskenderun's Battles  Conj           100%       2d15      0%          5
k - Inner Flame           Hex/Fire       100%       N/A       0%          3
l - Starburst             Conj/Fire      75%        6d19      0%          6
m - Fireball              Conj/Fire      75%        3d28      0%          5

Your spell library contained the following spells:

 Spells                   Type           Power      Damage    Failure   Level
 Freezing Cloud           Conj/Ice/Air   49%        6-21      1%          5
 Foxfire                  Conj/Fire      100%       2x1d9     0%          1
 Shock                    Conj/Air       100%       1d9       0%          1
 Searing Ray              Conj           100%       2d8       0%          2
 Conjure Flame            Conj/Fire      100%       6-21      0%          3
 Flame Wave               Conj/Fire      100%       2d17      0%          4
 Animate Skeleton         Necr           92%        N/A       1%          1
 Freeze                   Ice            100%       1d11      1%          1
 Pain                     Necr           100%       1d9       1%          1
 Summon Small Mammal      Summ           100%       N/A       1%          1
 Corpse Rot               Necr/Air       92%        N/A       1%          2
 Poisonous Vapours        Pois/Air       92%        N/A       1%          2
 Sublimation of Blood     Necr           46%        N/A       1%          2
 Wereblood                Tmut           46%        N/A       1%          2
 Call Canine Familiar     Summ           46%        N/A       1%          3
 Confusing Touch          Hex            46%        N/A       1%          3
 Dazzling Flash           Conj/Hex       100%       N/A       1%          3
 Frozen Ramparts          Ice            92%        1d11      1%          3
 Gell's Gravitas          Tloc           79%        N/A       1%          3
 Lesser Beckoning         Tloc           79%        N/A       1%          3
 Stone Arrow              Conj/Erth      100%       3d13      1%          3
 Summon Guardian Golem    Hex/Summ       46%        N/A       1%          3
 Swiftness                Air            46%        N/A       1%          3
 Teleport Other           Tloc           79%        N/A       1%          3
 Vampiric Draining        Necr           46%        2d9       1%          3
 Airstrike                Air            23%        N/A       1%          4
 Fulminant Prism          Conj/Hex       56%        3d25      1%          4
 Lee's Rapid Deconstruct  Erth           23%        3d14*     1%          5
 Manifold Assault         Tloc           79%        N/A       1%          5
 Iron Shot                Conj/Erth      56%        9d11      1%          6
 Spellforged Servitor     Conj/Summ      56%        N/A       1%          7
 Animate Armour           Summ/Erth      92%        N/A       2%          4
 Cause Fear               Hex            23%        N/A       2%          4
 Summon Ice Beast         Ice/Summ       46%        N/A       2%          4
 Summon Lightning Spire   Summ/Air       46%        N/A       2%          4
 Dispersal                Tloc           39%        N/A       3%          6
 Agony                    Necr           46%        N/A       6%          5
 Blade Hands              Tmut           23%        N/A       6%          5
 Silence                  Hex/Air        23%        N/A       6%          5
 Summon Mana Viper        Hex/Summ       46%        N/A       6%          5
 Lehudib's Crystal Spear  Conj/Erth      56%        10d13     12%         8
 Dragon Form              Tmut           23%        N/A       86%         7
 Enfeeble                 Hex            23%        N/A       86%         7
 Monstrous Menagerie      Summ           23%        N/A       86%         7
 Storm Form               Tmut/Air       23%        N/A       86%         7
 Summon Hydra             Summ           23%        N/A       86%         7
 Maxwell's Capacitive Co  Air            23%        ∞         95%         8
 Discord                  Hex            23%        N/A       100%        8
 Dragon's Call            Summ           23%        N/A       100%        9


Dungeon Overview and Level Annotations

Branches:
Dungeon (15/15)            Temple (1/1) D:7            Lair (6/6) D:8
  Swamp (0/4) Lair:2       Spider (1/4) Lair:4        Slime (1/5) Lair:6
    Orc (2/2) D:12            Elf (3/3) Orc:2        Vaults (0/5) D:14
 Depths (0/4) D:15         Bailey (visited)         Gauntlet (visited)

Altars:
Ashenzari
Cheibriados
Dithmenos
Elyvilon
Fedhas
Gozag
Hepliaklqana
Kikubaaqudgha
Makhleb
Nemelex Xobeh
Okawaru
Qazlal
Ru
Sif Muna
Trog
Uskayaw
Vehumet
Wu Jian
Xom
Yredelemnul
Zin
The Shining One
Beogh
Lugonu

Shops:
D:13 (   D:15 *   Orc:2 (*[:

Portals:
Abyss: Spider:1

Annotations:
D:10 2 runed translucent doors, exclusion: orange crystal statue
Lair:2 1 runed translucent door, dangdung's ghost, journeyman OpTm
Elf:2 3 runed translucent doors
Elf:3 Roxanne


Message History

The fireball engulfs the slime creature!
The slime creature is severely wounded.
The fireball engulfs the very large slime creature!!
The very large slime creature is moderately wounded.
The fireball engulfs the very large slime creature!!
The very large slime creature is heavily wounded.
A slime creature comes into view.
The rockslime hits you!!
You are shoved backwards!
The slime creature moves out of view.
You take 26 damage, and have 37/92 hp.
MASSIVE DAMAGE!!
Casting: Ignition (safe; 1% risk of failure)
Confirm with . or Enter, or press ? or * to list all spells.
You feel a surge of power!
You erupt in a blast of force!
The mystic blast hits the very large slime creature!
The very large slime creature is severely wounded.
The very large slime creature is knocked back by the mystic blast.
The mystic blast hits the rockslime!!
The rockslime is heavily wounded.
The rockslime is knocked back by the mystic blast.
The mystic blast hits the shining eye!!
You kill the shining eye!
Vehumet accepts your kill. The acid blob spits acid at you.
The splash of acid hits you! You resist. The acid corrodes you!
You take 8 damage, and have 29/92 hp.
You now have 50/54 mp.
Casting: Iskenderun's Mystic Blast (safe; 1% risk of failure)
Confirm with . or Enter, or press ? or * to list all spells.
You feel a surge of power!
You erupt in a blast of force!
The mystic blast hits the acid blob!!
The acid blob is severely wounded.
The acid blob is knocked back by the mystic blast.
The mystic blast hits the rockslime!
The rockslime is severely wounded.
The rockslime is knocked back by the mystic blast.
The acid blob spits acid at you. The splash of acid hits you!! You resist.
* * * LOW HITPOINT WARNING * * *
The acid blob spits acid at you. The splash of acid hits you! You resist.
You die...

.. #.###...#..
...# ...........
..#.##.....#....
#....#.........
#.....J.J.....
#.......#.J...
#....<.......
...##......J.....
.......@....JJ...
.........##..##..
...>.........# .
...............
.##.............
##............
............
......#...#..


You could see 2 acid blobs, a very large slime creature, 2 slime creatures and a
rockslime.

Vanquished Creatures
  Asterion (Elf:3)
  2 deep elf blademasters (Elf:3)
  An acid blob (Slime:1)
  3 deep elf master archers (Elf:3)
  Frances (D:12)
  3 azure jellies (Slime:1)
  11 deep elf sorcerers
  An orc warlord (Orc:1)
  6 deep elf elementalists (Elf:3)
  2 quicksilver oozes (Slime:1)
  A stone giant (Orc:1)
  2 broodmothers (Spider:1)
  2 deep elf demonologists (Elf:3)
  5 deep elf annihilators (Elf:3)
  Azrael (Elf:2)
  4 deep elf death magi (Elf:3)
  2 deep elf high priests (Elf:3)
  Josephine (Lair:4)
  Erolcha (D:12)
  2 ice dragons
  3 vault guards (D:14)
  7 hydras
  4 boulder beetles
  2 catoblepae
  A merfolk avatar (Lair:6)
  9 centaur warriors
  An ogre mage (D:12)
  A radroach (Spider:1)
  14 dancing weapons
  5 death yaks
  8 two-headed ogres
  4 tengu warriors (D:14)
  3 death knights
  Urug (D:12)
  6 orc high priests
  2 thrashing horrors (Gauntlet)
  8 deep elf knights
  5 skeletal warriors (D:12)
  A sea snake (shapeshifter) (Elf:2)
  3 orb spiders
  2 sea snakes (Lair:6)
  A fire crab (shapeshifter) (D:13)
  3 steelbarb worms (Spider:1)
  27 deep elf pyromancers
  A necromancer (D:15)
  Pikel (D:9)
  15 deep elf archers
  14 orc knights
  6 wizards
  24 deep elf zephyrmancers
  A shining eye (Slime:1)
  An oklob plant (Lair:2)
  A mana viper (shapeshifter) (Elf:3)
  4 cyclopes
  4 manticores
  6 wolf spiders (Spider:1)
  14 ugly things
  4 orc sorcerers
  7 elephants
  Maurice (D:9)
  A rust devil (Gauntlet)
  3 black mambas
  3 centaur zombies
  3 torpor snails
  12 cane toads
  A smoke demon (Gauntlet)
  4 gargoyles
  2 efreet
  2 demonic crawlers (Spider:1)
  8 komodo dragons
  2 yaktaurs (D:12)
  9 rime drakes
  5 tengu conjurers
  An unseen horror (D:12)
  A yaktaur (shapeshifter) (D:12)
  12 trolls
  12 meliai
  A hornet (Lair:6)
  3 polar bears (Lair:6)
  10 tarantellas (Spider:1)
  A raiju (shapeshifter) (D:13)
  13 slime creatures
  14 blink frogs
  2 centaur simulacra (D:15)
  Sigmund (D:6)
  7 dream sheep (Lair:6)
  13 jumping spiders (Spider:1)
  A shadow (D:11)
  7 culicivoras (Spider:1)
  6 wyverns
  8 wraiths
  3 water elementals
  A ynoxinul (Gauntlet)
  55 yaks
  7 basilisks
  A basilisk (shapeshifter) (Elf:1)
  3 fire bats (Lair:5)
  11 fire elementals
  4 vampire mosquitoes
  2 steam dragons
  10 redbacks (Spider:1)
  9 wargs
  3 acid dragons
  4 hell hounds
  19 water moccasins
  47 orc warriors
  3 black bears
  A necrophage (D:5)
  A meliai simulacrum (D:12)
  10 ogres
  7 centaurs
  2 boggarts (Elf:1)
  20 wolves
  A lemure (D:9)
  A phantom (D:5)
  8 bullfrogs
  A kobold brigand (D:9)
  A gnoll sergeant (D:9)
  2 scorpions
  3 water moccasin zombies
  A wyvern skeleton (D:6)
  6 small abominations
  16 killer bees
  7 howler monkeys
  7 wights
  6 electric eels
  A lava snake (Lair:5)
  3 crimson imps (Gauntlet)
  3 quasits (D:3)
  5 hounds
  A bullfrog skeleton (D:5)
  Crazy Yiuf (D:4)
  32 orc priests
  3 centaur skeletons
  2 iron imps (Gauntlet)
  2 jellies (D:5)
  6 iguanas
  23 orc wizards
  9 hell rats (Lair:5)
  A killer bee zombie (D:5)
  A hound zombie (D:5)
  The ghost of Elsvaer the Conjurer, a weakling DECj (D:3)
  A hound skeleton (D:4)
  A howler monkey zombie (D:6)
  13 gnolls
  4 adders
  A shadow imp (D:5)
  A white imp (D:5)
  An adder skeleton (D:4)
  A worm (D:2)
  2 dart slugs
  121 orcs
  7 ball pythons
  4 bats
  7 endoplasms
  3 giant cockroaches
  4 goblins
  3 hobgoblins
  10 jackals
  3 quokkas
  2 frilled lizards
  8 kobolds
  4 rats
  A lurking horror (Spider:1)
1024 creatures vanquished.

Vanquished Creatures (others)
  A water elemental (Elf:3)
  8 foxfires (D:11)
  45 fungi
  109 plants
163 creatures vanquished.

Grand Total: 1187 creatures vanquished

Notes
Turn   | Place    | Note
-------+----------+-------------------------------------------
     0 | D:1      | Mitsuki the Deep Elf Conjurer began the quest for the Orb.
     0 | D:1      | Reached XP level 1. HP: 10/10 MP: 6/6
   205 | D:1      | Reached XP level 2. HP: 15/15 MP: 2/8
   796 | D:1      | Reached skill level 5 in Conjurations
   951 | D:1      | Reached XP level 3. HP: 19/19 MP: 8/10
  1618 | D:2      | Reached XP level 4. HP: 24/24 MP: 8/12
  1986 | D:3      | Noticed an ogre
  1992 | D:2      | Learned a level 2 spell: Searing Ray
  2003 | D:2      | HP: 1/24 [ogre/+0 giant spiked club (6)]
  2004 | D:2      | Killed an ogre
  2005 | D:2      | Reached skill level 5 in Spellcasting
  2005 | D:2      | Reached XP level 5. HP: 1/28 MP: 8/15
  2416 | D:3      | Found a sacrificial altar of Ru.
  2748 | D:3      | Found a transporter.
  2752 | D:3      | Noticed Elsvaer's ghost (weakling DECj)
  2923 | D:3      | Found a transporter.
  3260 | D:4      | Reached XP level 6. HP: 16/32 MP: 6/17
  3659 | D:4      | Found a hide-covered altar of Uskayaw.
  3711 | D:4      | Found a runed translucent door.
  3712 | D:4      | Noticed Crazy Yiuf
  4257 | D:4      | Killed Crazy Yiuf
  4267 | D:4      | HP: 2/48 [poisoned by Crazy Yiuf]
  4638 | D:5      | Entered Level 5 of the Dungeon
  4688 | D:5      | Learned a level 2 spell: Blink
  4701 | D:5      | Reached XP level 7. HP: 36/36 MP: 13/20
  5174 | D:5      | Found an opulent altar of Gozag.
  5605 | D:5      | Reached XP level 8. HP: 39/41 MP: 12/23
  5803 | D:5      | Noticed a troll
  5813 | D:5      | Killed a troll
  5972 | D:5      | Found an ornate altar of the Wu Jian Council.
  6110 | D:6      | Found a bloodstained altar of Trog.
  6208 | D:6      | Reached skill level 10 in Spellcasting
  6546 | D:6      | Reached skill level 10 in Conjurations
  6546 | D:6      | Reached XP level 9. HP: 32/45 MP: 15/26
  6613 | D:6      | Found a shimmering blue altar of Sif Muna.
  6677 | D:6      | Found a glowing golden altar of the Shining One.
  6787 | D:6      | Noticed Sigmund
  6794 | D:6      | Killed Sigmund
  7428 | D:7      | Found a staircase to the Ecumenical Temple.
  7437 | Temple   | Entered the Ecumenical Temple
  7704 | D:7      | Reached skill level 1 in Translocations
  7970 | D:7      | Learned a level 4 spell: Iskenderun's Mystic Blast
  8112 | D:8      | Found a stormy altar of Qazlal.
  8128 | D:8      | Found a flagged portal.
  8155 | Bailey   | Entered a bailey
  8701 | Bailey   | Noticed an orc knight
  9024 | Bailey   | Killed an orc knight
  9025 | Bailey   | Reached skill level 5 in Translocations
  9025 | Bailey   | Reached XP level 10. HP: 49/50 MP: 8/28
  9200 | Bailey   | Identified the +4 ring mail of Distant Shores {Fly rN+
                  | Will+ Dex-4}
  9695 | D:8      | Found a staircase to the Lair.
 10006 | D:8      | Found a blossoming altar of Fedhas.
 10487 | D:9      | Noticed Pikel
 10498 | D:9      | Killed Pikel
 10792 | D:9      | Noticed Maurice
 10844 | D:9      | Killed Maurice
 10922 | D:9      | Learned a level 1 spell: Apportation
 11110 | D:10     | Entered Level 10 of the Dungeon
 11175 | D:10     | Identified the +1 plate armour of Cowardice {Will+ Str+4}
 11180 | D:10     | Found a runed translucent door.
 11186 | D:10     | Found the +10 tower shield of Ignorance {rN+ Int-4}
 11369 | D:10     | Found a runed translucent door.
 11376 | D:10     | Noticed an orange crystal statue
 11711 | D:10     | Found a radiant altar of Vehumet.
 11716 | D:10     | Became a worshipper of Vehumet
 11894 | D:10     | Identified the +3 mace of Iracinix {freeze, rC+ rCorr}
 11920 | D:10     | Reached XP level 11. HP: 54/54 MP: 20/29
 11921 | D:10     | Reached skill level 15 in Conjurations
 12279 | D:11     | Noticed a two-headed ogre
 12284 | D:11     | Killed a two-headed ogre
 12393 | D:11     | Found a gate leading to a gauntlet.
 12407 | Gauntlet | Entered a Gauntlet
 12407 | Gauntlet | Noticed an oklob plant
 12407 | Gauntlet | Found a transporter.
 12407 | Gauntlet | Found a transporter.
 12444 | Gauntlet | Found a transporter.
 12444 | Gauntlet | Found a transporter.
 12446 | Gauntlet | Found a transporter.
 12481 | Gauntlet | Found a transporter.
 12481 | Gauntlet | Found a transporter.
 12482 | Gauntlet | Found a transporter.
 12486 | Gauntlet | Noticed a cacodemon
 12493 | Gauntlet | Found a transporter.
 12509 | Gauntlet | Found a transporter.
 12509 | Gauntlet | Noticed a thrashing horror
 12509 | Gauntlet | Noticed a thrashing horror
 12517 | Gauntlet | Noticed a satyr
 12519 | Gauntlet | Found a transporter.
 12521 | Gauntlet | Noticed a radroach
 12521 | Gauntlet | a slime creature changed into a radroach
 12522 | Gauntlet | Noticed a death yak
 12522 | Gauntlet | a radroach changed into a death yak
 12525 | Gauntlet | Noticed an azure jelly
 12526 | Gauntlet | Noticed a fire giant
 12526 | Gauntlet | an azure jelly changed into a fire giant
 12533 | Gauntlet | Noticed a frost giant
 12533 | Gauntlet | a fire giant changed into a frost giant
 12534 | Gauntlet | Found a transporter.
 12537 | Gauntlet | Noticed an azure jelly
 12537 | Gauntlet | a frost giant changed into an azure jelly
 12541 | Gauntlet | Noticed a sphinx
 12541 | Gauntlet | an azure jelly changed into a sphinx
 12546 | Gauntlet | Noticed an azure jelly
 12546 | Gauntlet | a sphinx changed into an azure jelly
 12549 | Gauntlet | Noticed an alligator snapping turtle
 12549 | Gauntlet | an azure jelly changed into an alligator snapping turtle
 12552 | Gauntlet | Noticed a sphinx
 12552 | Gauntlet | an alligator snapping turtle changed into a sphinx
 12553 | Gauntlet | Noticed a stone giant
 12553 | Gauntlet | a sphinx changed into a stone giant
 12562 | Gauntlet | Noticed an alligator snapping turtle
 12562 | Gauntlet | a stone giant changed into an alligator snapping turtle
 12563 | Gauntlet | Noticed a stone giant
 12563 | Gauntlet | an alligator snapping turtle changed into a stone giant
 12564 | Gauntlet | Noticed an eleionoma
 12564 | Gauntlet | a stone giant changed into an eleionoma
 12569 | Gauntlet | Found a transporter.
 12581 | Gauntlet | Found a transporter.
 12706 | Gauntlet | Identified the +7 hunting sling of Loim Mem {vorpal, Int+4}
 12819 | Gauntlet | Noticed an entropy weaver
 12849 | Gauntlet | Noticed a bunyip
 12851 | Gauntlet | a bunyip changed into a tyrant leech
 12853 | Gauntlet | Noticed an eight-headed hydra
 12854 | Gauntlet | Noticed an entropy weaver
 12854 | Gauntlet | an eight-headed hydra changed into an entropy weaver
 12856 | Gauntlet | Noticed a satyr
 12856 | Gauntlet | an entropy weaver changed into a satyr
 12859 | Gauntlet | Noticed a quicksilver ooze
 12859 | Gauntlet | an entropy weaver changed into a quicksilver ooze
 12863 | Gauntlet | Noticed a radroach
 12863 | Gauntlet | a quicksilver ooze changed into a radroach
 12864 | Gauntlet | Noticed an anaconda
 12864 | Gauntlet | a radroach changed into an anaconda
 12868 | Gauntlet | Noticed a steelbarb worm
 12868 | Gauntlet | an anaconda changed into a steelbarb worm
 12878 | Gauntlet | Identified the +0 helmet of Insecurity {rPois rN+ Int+6}
 12880 | Gauntlet | Killed a thrashing horror
 12881 | Gauntlet | Killed a thrashing horror
 12881 | Gauntlet | Noticed a swamp dragon
 12881 | Gauntlet | a dream sheep changed into a swamp dragon
 12884 | Gauntlet | Reached * piety under Vehumet
 12884 | Gauntlet | Offered knowledge of Foxfire by Vehumet.
 12886 | Gauntlet | Noticed an orb spider
 12886 | Gauntlet | a swamp dragon changed into an orb spider
 12887 | Gauntlet | Learned a level 1 spell: Foxfire
 12890 | Gauntlet | Identified the +0 leather armour of a bazaar {Harm Will+
                  | MP-9}
 12893 | Gauntlet | Noticed an orb spider
 12893 | Gauntlet | a slime creature changed into an orb spider
 12905 | Gauntlet | Identified the +1 scale mail "Wyeropn" {Fly rN+++ Str-3
                  | Dex+3}
 12905 | Gauntlet | Identified the ring "Guwouv" {rCorr AC+4 Stlth+}
 12905 | Gauntlet | Noticed a minotaur
 12952 | Gauntlet | Identified the ring "Zon Buir" {rF++ rC+ rCorr Int+6 Dex-3}
 12952 | Gauntlet | Identified the +11 mace of the Dead {vorpal, *Rage rElec
                  | rCorr Str+7}
 13416 | D:11     | Reached skill level 1 in Fire Magic
 13545 | D:11     | Noticed a two-headed ogre
 13622 | Lair:1   | Entered Level 1 of the Lair of Beasts
 13687 | Lair:1   | Reached skill level 2 in Fire Magic
 13800 | Lair:1   | Reached skill level 3 in Fire Magic
 14069 | Lair:1   | Found a snail-covered altar of Cheibriados.
 14087 | Lair:1   | Reached skill level 4 in Fire Magic
 14303 | Lair:1   | Reached skill level 5 in Fire Magic
 14308 | Lair:1   | Learned a level 4 spell: Hailstorm
 14314 | Lair:1   | Learned a level 5 spell: Irradiate
 14320 | Lair:1   | Learned a level 5 spell: Iskenderun's Battlesphere
 14797 | Lair:2   | Noticed a four-headed hydra
 14802 | Lair:2   | Killed a four-headed hydra
 14803 | Lair:2   | Reached skill level 6 in Fire Magic
 14804 | Lair:2   | Noticed a death yak
 14830 | Lair:2   | Killed a death yak
 14831 | Lair:2   | Reached skill level 7 in Fire Magic
 14838 | Lair:2   | Noticed a seven-headed hydra
 14844 | Lair:2   | Killed a seven-headed hydra
 14845 | Lair:2   | Reached XP level 12. HP: 59/59 MP: 3/30
 14978 | Lair:2   | Found a runed translucent door.
 14978 | Lair:2   | Found a shimmering altar of Xom.
 14978 | Lair:2   | Noticed dangdung's ghost (journeyman OpTm)
 14987 | Lair:2   | Noticed a five-headed hydra
 14992 | Lair:2   | Killed a five-headed hydra
 14993 | Lair:2   | Reached skill level 8 in Fire Magic
 15229 | Lair:2   | Reached skill level 9 in Fire Magic
 15747 | Lair:2   | Noticed a death yak
 15757 | Lair:2   | Killed a death yak
 15758 | Lair:2   | Reached skill level 10 in Fire Magic
 15993 | Lair:2   | Found a staircase to the Swamp.
 16497 | Lair:3   | Reached skill level 11 in Fire Magic
 16727 | Lair:3   | Reached ** piety under Vehumet
 16727 | Lair:3   | Offered knowledge of Shock by Vehumet.
 16975 | D:3      | Killed Elsvaer's ghost
 17255 | Lair:3   | Reached skill level 12 in Fire Magic
 17803 | Lair:3   | Reached skill level 13 in Fire Magic
 18043 | Lair:4   | Offered knowledge of Scorch by Vehumet.
 18227 | Lair:3   | Reached *** piety under Vehumet
 18343 | Lair:4   | Noticed a catoblepas
 18350 | Lair:3   | Reached XP level 13. HP: 54/63 MP: 19/31
 18538 | Lair:4   | Reached skill level 14 in Fire Magic
 18638 | Lair:4   | Offered knowledge of Flame Wave by Vehumet.
 18644 | Lair:4   | Learned a level 4 spell: Flame Wave
 18686 | Lair:4   | Noticed Josephine
 18692 | Lair:4   | Killed Josephine
 18777 | Lair:4   | Learned a level 3 spell: Inner Flame
 18862 | Lair:4   | Reached skill level 15 in Fire Magic
 19007 | Lair:4   | Found a hole to the Spider Nest.
 19016 | Lair:4   | Reached **** piety under Vehumet
 19795 | Lair:5   | Offered knowledge of Airstrike by Vehumet.
 19899 | Lair:5   | Reached skill level 16 in Fire Magic
 20533 | Lair:5   | Reached ***** piety under Vehumet
 20533 | Lair:5   | Offered knowledge of Ozocubu's Refrigeration by Vehumet.
 20780 | Lair:5   | Reached skill level 17 in Fire Magic
 21035 | Lair:5   | Identified 4 scrolls of acquirement
 21041 | Lair:5   | Acquired the ring of Ruabium {Wiz rElec rF+ Dex-2}
 21049 | Lair:5   | Acquired a +0 pair of boots of flying
 21078 | Lair:5   | Acquired 1018 gold pieces
 21080 | Lair:5   | Acquired a staff of fire
 21101 | Lair:6   | Entered Level 6 of the Lair of Beasts
 21560 | Lair:6   | Reached XP level 14. HP: 68/68 MP: 26/32
 21663 | Lair:6   | Reached skill level 18 in Fire Magic
 22043 | Lair:6   | Found a staircase to the Slime Pits.
 22160 | Lair:6   | Identified the +2 robe "Kewol" {rN++ MP+9}
 22162 | Lair:6   | Identified the +12 trident of Kangoojo {freeze, Drain Str+2
                  | Stlth+}
 22571 | Lair:1   | Upgraded the game from 0.28.0-43-g3370ac3207 to
                  | 0.28.0-45-g0d030f2227
 23178 | D:12     | Reached skill level 19 in Fire Magic
 23590 | D:12     | Noticed Frances
 23879 | D:12     | Noticed Urug
 23885 | D:12     | Killed Urug
 24019 | D:12     | Noticed Erolcha
 24202 | D:12     | Killed Erolcha
 24230 | D:12     | Reached skill level 20 in Fire Magic
 24358 | D:12     | Cast into level 3 of the Abyss (a wizard)
 24379 | Abyss:3  | Found a stormy altar of Qazlal.
 24657 | D:12     | Escaped the Abyss
 24938 | D:12     | Killed Frances
 24939 | D:12     | Reached XP level 15. HP: 72/72 MP: 32/35
 25228 | D:12     | Found a staircase to the Orcish Mines.
 25645 | Orc:1    | Entered Level 1 of the Orcish Mines
 25649 | Orc:1    | Offered knowledge of Starburst by Vehumet.
 25665 | Orc:1    | Learned a level 6 spell: Starburst
 25853 | Orc:1    | Found a transporter.
 25887 | Orc:1    | Noticed an orc warlord
 26014 | Orc:1    | Found a transporter.
 26064 | Orc:2    | Entered Level 2 of the Orcish Mines
 26264 | Orc:2    | Found a staircase to the Elven Halls.
 26689 | Orc:2    | HP: 2/72 [orc knight/bolt (15)]
 27398 | Orc:2    | Reached skill level 15 in Spellcasting
 28242 | Orc:2    | Offered knowledge of Yara's Violent Unravelling by Vehumet.
 28264 | Orc:2    | Reached skill level 21 in Fire Magic
 28537 | Orc:2    | Found Kekhest's Book Shoppe.
 28540 | Orc:2    | Found Ifaq's Weapon Shoppe.
 28541 | Orc:2    | Found Ojienn's Antique Armour Shoppe.
 28542 | Orc:2    | Found Xigup's Assorted Antiques.
 28713 | Orc:1    | Killed an orc warlord
 29025 | D:13     | Found Ysmenk's Weapon Shoppe.
 29393 | D:13     | Identified the +1 leather armour "Niob" {Rampage rElec rF-
                  | Int-2}
 31253 | D:14     | Reached skill level 22 in Fire Magic
 31676 | D:14     | Reached XP level 16. HP: 76/76 MP: 24/38
 32004 | D:14     | Found a gate to the Vaults.
 32558 | D:14     | Reached XP level 17. HP: 80/80 MP: 41/41
 32575 | D:14     | Learned a level 5 spell: Yara's Violent Unravelling
 32670 | D:15     | Entered Level 15 of the Dungeon
 32977 | D:15     | Cast into level 2 of the Abyss (a wizard)
 32988 | D:15     | Escaped the Abyss
 33020 | D:15     | Found an iron altar of Okawaru.
 33265 | D:15     | Found Sioblor's Assorted Antiques.
 33442 | D:15     | Offered knowledge of Fireball by Vehumet.
 33454 | D:15     | Learned a level 5 spell: Fireball
 33792 | D:15     | Found a staircase to the Depths.
 34576 | Spider:1 | Entered Level 1 of the Spider Nest
 34866 | Spider:1 | Reached skill level 23 in Fire Magic
 35471 | Spider:1 | Offered knowledge of Orb of Destruction by Vehumet.
 35824 | Spider:1 | Found a corrupted altar of Lugonu.
 35942 | Spider:1 | Found a one-way gate to the infinite horrors of the Abyss.
 36956 | Slime:1  | Entered Level 1 of the Pits of Slime
 36960 | Slime:1  | Noticed an acid blob
 36962 | Slime:1  | Reached skill level 1 in Fighting
 36964 | Slime:1  | Killed an acid blob
 36964 | Slime:1  | Noticed an acid blob
 36966 | Slime:1  | Noticed an acid blob
 37308 | Elf:1    | Entered Level 1 of the Elven Halls
 38608 | Elf:1    | Acquired a book of Fire
 38839 | Elf:2    | Learned a level 8 spell: Ignition
 38938 | Elf:2    | Reached XP level 18. HP: 76/91 MP: 28/43
 39127 | Elf:2    | Reached skill level 24 in Fire Magic
 39469 | Elf:2    | Noticed Azrael
 39476 | Elf:2    | Killed Azrael
 39617 | Elf:2    | Found a runed translucent gate.
 39617 | Elf:2    | Found a runed translucent gate.
 39618 | Elf:2    | Found a runed translucent gate.
 39738 | Elf:3    | Entered Level 3 of the Elven Halls
 39738 | Elf:3    | Found an ancient bone altar of Kikubaaqudgha.
 39795 | Elf:3    | Noticed Asterion
 39798 | Elf:3    | Killed Asterion
 39936 | Elf:3    | Reached ****** piety under Vehumet
 40019 | Elf:3    | Noticed Roxanne
 40735 | Elf:3    | Reached skill level 25 in Fire Magic
 41286 | Elf:3    | Identified the +5 flail of Discomfort {antimagic, rN+ rCorr
                  | Dex-5}
 41286 | Elf:3    | Identified the ring "Gunu" {Ice rElec}
 41343 | Elf:3    | Identified the +7 glaive "Hydra's Regret" {freeze, Dex+3}
 41634 | Elf:3    | Offered knowledge of Freezing Cloud by Vehumet.
 41884 | Elf:3    | Identified the +4 glaive of Zihes {vorpal, Str+2}
 41884 | Elf:3    | Identified the ring of Ucsuan {Wiz rC+ rN++ Stlth+}
 42368 | Elf:3    | Identified the ring of Hoskicef {Drain +Blink MP+9 Int+8
                  | Dex+6}
 42564 | Elf:3    | Got the Tome of Creative Unholy Rites
 43602 | Slime:1  | Killed from afar by an acid blob

Illustrated notes

Levels and vault maps discovered:
D:1:      dpeg_arrival_stone_temple_mockup, layout_basic, serial_bayou_ford_a
D:2:      layout_loops_ring
D:3:      minmay_wonky_spiral, layout_loops_ring, nicolae_ru_awakened_eye,
          gammafunk_ghost_stat_death, grunt_ministairs_7
D:4:      layout_loops_ring, nicolae_uskayaw_dance_hall, hex_large,
          cheibrodos_gnoll_hut, uniq_crazy_yiuf_cottage
D:5:      layout_rooms, mainiacjoe_overflow_brackets, nicolae_gozag_seed_capital
D:6:      layout_rooms, mainiacjoe_overflow_cross_hatched, lemuel_doored_altar,
          kennysheep_little_box, uniq_sigmund
D:7:      layout_loops_ring, minmay_temple_entry_mini_moons, kennysheep_donut,
          minmay_misc_feat_pillars, dk_vineyard_2, minmay_quadrilaterals
D:8:      layout_basic, mainiacjoe_overflow_alcove_2, mainiacjoe_overflow_paths,
          dpeg_oklobed_lair, enter_bailey_6
D:9:      layout_cave_pools, uniq_pikel, uniq_maurice
D:10:     layout_cave_pods, mainiacjoe_overflow_24_doors, serial_bayou_lagoon_a,
          chequers_guarded_unrand_ignorance
D:11:     layout_basic, gauntlet_entry_generic
D:12:     minmay_the_grid_square_5x5_5x5_mashed [minmay_the_grid_square_5x5_c,
          minmay_the_grid_square_5x5_fancy_junction,
          minmay_the_grid_square_5x5_shrine2,
          minmay_the_grid_square_5x5_checkered_sparse,
          minmay_the_grid_square_5x5_six_small,
          minmay_the_grid_square_5x5_inner_i,
          minmay_the_grid_square_5x5_prize_rear_guard,
          minmay_the_grid_square_5x5_moneybag,
          minmay_the_grid_square_5x5_prize_itemx,
          minmay_the_grid_square_5x5_spiral, minmay_the_grid_square_5x5_lines,
          minmay_the_grid_square_5x5_pentomino_r,
          minmay_the_grid_square_5x5_prize_open,
          minmay_the_grid_square_5x5_misaligned,
          minmay_the_grid_square_5x5_checkered,
          minmay_the_grid_square_5x5_almost_minimal,
          minmay_the_grid_square_5x5_prize_pseudospiral,
          minmay_the_grid_square_5x5_six, minmay_the_grid_square_5x5_prize_open,
          minmay_the_grid_square_5x5_bite, minmay_the_grid_square_5x5_forky,
          minmay_the_grid_square_5x5_n, minmay_the_grid_square_5x5_three_small,
          minmay_the_grid_square_5x5_sharp_hourglass,
          minmay_the_grid_square_5x5_inner_z], layout_irregular_city,
          hiddenorc2_lemuel, uniq_frances, uniq_erolcha, uniq_urug
D:13:     layout_gridville, serial_shops, kennysheep_mini_moat, nooodl_orcs_dogs
D:14:     layout_grid_maze, lightli_vaults_fourway_checkpoint,
          minmay_misc_feat_four_crosses, kennysheep_generic_room_16
D:15:     grunt_enter_depths_magical_seal, layout_layer_cave, serial_shops,
          nicolae_diamond_shop, small_statue_alley_a, chequers_garden,
          okawaru_ov_weapons_minmay
Temple:   nicolae_temple_hex_pool
Lair:1:   layout_misc_corridors, kennysheep_snail_temple
Lair:2:   layout_regular_city, minmay_swamp_entry_reptiles, ebering_ghost_xom,
          serial_forest, infiniplex_forest_clump_small,
          infiniplex_forest_lined_1, infiniplex_forest_straight_2,
          infiniplex_forest_clump_cross, infiniplex_forest_side_room,
          infiniplex_forest_clump_diagonal, infiniplex_forest_clump_large,
          minmay_lair_oklob_items, serial_bayou_shore_a, grunt_megastairs_5,
          lemuel_fruit_tree
Lair:3:   layout_roguey, serial_bayou_lake_a
Lair:4:   layout_regular_city, nicolae_spider_entry_orb_guardian,
          evilmike_ambush [evilmike_ambush_outer_doors,
          evilmike_ambush_inner_basic], infiniplex_staircase_pool_2,
          uniq_josephine
Lair:5:   layout_gridlike, special_room [special_room_mythical_zoo]
Lair:6:   gammafunk_lair_ancient_temple, layout_hall_layers,
          dpeg_slime_entry_corner, infiniplex_staircase_pool
Spider:1: layout_cave_pods, amcnicky_altar_lugonu_corruption
Slime:1:  layout_caves, cheibrodos_slime_lost_civilization_7
Orc:1:    gammafunk_beogh_shrine, layout_diamond_mine, nicolae_orc_bridge_out,
          david_defended_altar_orc
Orc:2:    st_orc_pillars, layout_diamond_mine, mines5_lemuel
Elf:1:    layout_loops_corners, hangedman_elf_disciples
Elf:2:    nicolae_elf_blades_splatter_lattice [infiniplex_blade_entry_pillars],
          layout_loops_cross, uniq_azrael
Elf:3:    minmay_elf_hall_furrowed, layout_geoelf_octagon, basic_altar,
          minivault_28, uniq_asterion, uniq_roxanne

Skill      XL: |  1  2  3  4  5  6  7  8  9 10 11 12 13 14 15 16 17 18 |
---------------+-------------------------------------------------------+-----
Spellcasting   | 4 5 6 7 9 11 12 14 16 18 19 21 | 21.0
Conjurations   | 5 6 7 8 10 12 14 16 17 | 17.7
Translocations | 5 6 |  6.0
Fire Magic     | 7 13 17 20 22 23 25 | 25.8
Fighting       | 2 3 |  3.1
Dodging        | |  2.4
Stealth        | |  2.4

Action                   |  1- 3 |  4- 6 |  7- 9 | 10-12 | 13-15 | 16-18 || total
-------------------------+-------+-------+-------+-------+-------+-------++-------
Melee: Staff             |     4 |       |       |    10 |    10 |     2 ||    26
 Cast: Magic Dart        |    72 |    73 |   153 |   248 |   673 |    87 ||  1306
       Searing Ray       |       |     9 |    57 |    19 |     6 |       ||    91
       Iskenderun's Myst |       |       |     1 |    96 |    99 |    85 ||   281
       Blink             |       |       |     1 |     3 |       |     1 ||     5
       Foxfire           |       |       |       |     8 |       |       ||     8
       Iskenderun's Batt |       |       |       |    32 |   130 |    27 ||   189
       Hailstorm         |       |       |       |     4 |    24 |     7 ||    35
       Irradiate         |       |       |       |     3 |     2 |       ||     5
       Inner Flame       |       |       |       |       |    36 |     2 ||    38
       Starburst         |       |       |       |       |    18 |    22 ||    40
       Flame Wave        |       |       |       |       |     4 |       ||     4
       Fireball          |       |       |       |       |       |   229 ||   229
       Ignition          |       |       |       |       |       |    10 ||    10
  Use: Potion            |       |     2 |       |     2 |     5 |     5 ||    14
       Scroll            |       |       |     4 |     6 |    15 |    12 ||    37
Armor: Robe              |     4 |     4 |     3 |       |    33 |    15 ||    59
       Troll leather arm |       |       |    33 |    59 |    46 |       ||   138
Dodge: Dodged            |    14 |    18 |    75 |   147 |    61 |    27 ||   342
       Repelled          |       |       |       |       |       |     3 ||     3
Block: Other             |       |       |       |       |    12 |     7 ||    19
       Reflection        |       |       |       |       |     6 |     2 ||     8
